| TOP OF THE 1ST |
|
Columbia Fireflies batting - Pitching for Colorado (EL) Rockies : LHP Yoshiya Yokoyama
|
|
Pitching: LHP Yoshiya Yokoyama
|
|
|
Batting: SHB Jason Larson
|
0-0: Ball 1-0: Called Strike 1-1: Swinging Strike 1-2: Ball 2-2: Ball 3-2: Ground out 1-3 (Groundball, 13, EV 73.8 MPH)
|
|
Batting: RHB Zhao-ying Joe
|
0-0: Called Strike 0-1: Foul Ball, location: 2F 0-2: Ball 1-2: Strikes out looking
|
|
Batting: LHB Bayesa Mundhir
|
0-0: Called Strike 0-1: Called Strike 0-2: Ball 1-2: Ball 2-2: Ball 3-2: Base on Balls
|
|
Batting: LHB Dan Bremseth
|
0-0: Foul Ball, location: 2F 0-1: Foul Ball, location: 2F 0-2: Fly out, F9 (Flyball, 9D, EV 95.6 MPH)
|
| Top of the 1st over - 0 runs, 0 hits, 0 errors, 1 left on base; Columbia 0 - Colorado (EL) 0 |
| BOTTOM OF THE 1ST |
|
Colorado (EL) Rockies batting - Pitching for Columbia Fireflies : RHP Jason Vulich
|
|
Pitching: RHP Jason Vulich
|
|
|
Batting: RHB Bodil Hardenberg
|
0-0: Swinging Strike 0-1: Ball 1-1: Ground out 6-3 (Groundball, 6MD, EV 106.2 MPH)
|
|
Batting: SHB Pete Perla
|
0-0: Called Strike 0-1: Foul Ball, location: 2F 0-2: DOUBLE (Line Drive, 8RXD, EV 100.0 MPH)
|
|
Batting: RHB Henry Alvizo
|
0-0: SINGLE (Groundball, 56D, EV 97.5 MPH) Pete Perla to third Runner from 3rd tries for Home, SAFE, throw by LF to home
|
|
Batting: LHB Zack Guillen
|
0-0: Called Strike Henry Alvizo is caught stealing 2nd base 2-6 0-1: Ball 1-1: Ball 2-1: Foul Ball, location: 2F 2-2: Ball 3-2: Foul Ball, location: 2F 3-2: Strikes out swinging
|
| Bottom of the 1st over - 1 run, 2 hits, 0 errors, 0 left on base; Columbia 0 - Colorado (EL) 1 |
| TOP OF THE 2ND |
|
Columbia Fireflies batting - Pitching for Colorado (EL) Rockies : LHP Yoshiya Yokoyama
|
|
Batting: SHB Justin Wallace
|
0-0: Swinging Strike 0-1: Ball 1-1: Swinging Strike 1-2: Strikes out looking
|
|
Batting: RHB Artyom Shavkunov
|
0-0: Called Strike 0-1: Ground out 4-3 (Groundball, 4, EV 84.4 MPH)
|
|
Batting: RHB Jake Geib
|
0-0: Ball 1-0: Called Strike 1-1: Fly out, F8 (Flyball, 8RD, EV 109.4 MPH)
|
| Top of the 2nd over - 0 runs, 0 hits, 0 errors, 0 left on base; Columbia 0 - Colorado (EL) 1 |
| BOTTOM OF THE 2ND |
|
Colorado (EL) Rockies batting - Pitching for Columbia Fireflies : RHP Jason Vulich
|
|
Batting: RHB Andy Solorzano
|
0-0: Ball 1-0: Ground out 6-3 (Groundball, 56, EV 95.6 MPH)
|
|
Batting: LHB Elijah Black
|
0-0: Called Strike 0-1: Foul Ball, location: 2F 0-2: Foul Ball, location: 2F 0-2: Ground out U3 (Groundball, 3, EV 91.9 MPH)
|
|
Batting: RHB Max Schellekens
|
0-0: Ground out 6-3 (Groundball, 6, EV 87.5 MPH)
|
| Bottom of the 2nd over - 0 runs, 0 hits, 0 errors, 0 left on base; Columbia 0 - Colorado (EL) 1 |
| TOP OF THE 3RD |
|
Columbia Fireflies batting - Pitching for Colorado (EL) Rockies : LHP Yoshiya Yokoyama
|
|
Batting: RHB Dan Muse
|
0-0: Swinging Strike 0-1: Ball 1-1: Called Strike 1-2: Strikes out swinging
|
|
Batting: SHB Callum Lynch
|
0-0: Called Strike 0-1: Ball 1-1: Foul Ball, location: 2F 1-2: Ground out 5-3 (Groundball, 5, EV 84.4 MPH)
|
|
Batting: SHB Jason Larson
|
0-0: Ball 1-0: Foul Ball, location: 2F 1-1: Ground out 5-3 (Groundball, 5L, EV 88.8 MPH)
|
| Top of the 3rd over - 0 runs, 0 hits, 0 errors, 0 left on base; Columbia 0 - Colorado (EL) 1 |
| BOTTOM OF THE 3RD |
|
Colorado (EL) Rockies batting - Pitching for Columbia Fireflies : RHP Jason Vulich
|
|
Batting: SHB Malik Whitted
|
0-0: Called Strike 0-1: Ground out U3 (Groundball, 3, EV 81.9 MPH)
|
|
Batting: RHB Steve Waltenbery
|
0-0: SINGLE (Groundball, 6MD, EV 81.2 MPH) (infield hit)
|
|
Batting: RHB Bodil Hardenberg
|
0-0: Ball 1-0: Foul Ball, location: 2F 1-1: Ball Steve Waltenbery steals 2nd base 2-1: Foul Ball, location: 2F 2-2: Fly out, F7 (Line Drive, 7D, EV 97.5 MPH)
|
|
Batting: SHB Pete Perla
|
0-0: Ball 1-0: Called Strike Steve Waltenbery steals 3rd base 1-1: SINGLE (Groundball, 34D, EV 105.0 MPH) Steve Waltenbery scores
|
|
Batting: RHB Henry Alvizo
|
0-0: Ball Pete Perla steals 2nd base 1-0: Foul Ball, location: 2F 1-1: Foul Ball, location: 2F 1-2: Ball 2-2: Ball 3-2: Foul Ball, location: 2F 3-2: Foul Ball, location: 2F 3-2: Foul Ball, location: 2F 3-2: Foul Ball, location: 2F 3-2: Base on Balls
|
|
Batting: LHB Zack Guillen
|
0-0: Ball 1-0: Swinging Strike 1-1: Foul Ball, location: 2F 1-2: Strikes out swinging
|
| Bottom of the 3rd over - 1 run, 2 hits, 0 errors, 2 left on base; Columbia 0 - Colorado (EL) 2 |
| TOP OF THE 4TH |
|
Columbia Fireflies batting - Pitching for Colorado (EL) Rockies : LHP Yoshiya Yokoyama
|
|
Batting: RHB Zhao-ying Joe
|
0-0: Ball 1-0: Ball 2-0: Swinging Strike 2-1: Ball 3-1: Called Strike 3-2: Base on Balls
|
|
Batting: LHB Bayesa Mundhir
|
0-0: Called Strike Zhao-ying Joe steals 2nd base (no throw) 0-1: Ground out 4-3 (Groundball, 4D, EV 85.6 MPH) Zhao-ying Joe to third
|
|
Batting: LHB Dan Bremseth
|
0-0: Foul Ball, location: 2F 0-1: Ground out 6-3 (Groundball, 6, EV 107.5 MPH) Zhao-ying Joe scores
|
|
Batting: SHB Justin Wallace
|
0-0: Called Strike 0-1: Ball 1-1: Reached on error, E6 (Groundball, 6, EV 101.9 MPH)
|
|
Batting: RHB Artyom Shavkunov
|
0-0: Ball 1-0: Ground out 3-1 (Groundball, 34, EV 103.8 MPH)
|
| Top of the 4th over - 1 run, 0 hits, 1 error, 1 left on base; Columbia 1 - Colorado (EL) 2 |
| BOTTOM OF THE 4TH |
|
Colorado (EL) Rockies batting - Pitching for Columbia Fireflies : RHP Jason Vulich
|
|
Batting: RHB Andy Solorzano
|
0-0: Called Strike 0-1: Swinging Strike 0-2: Ball 1-2: Ball 2-2: Strikes out swinging
|
|
Batting: LHB Elijah Black
|
0-0: Ground out 6-3 (Groundball, 6, EV 88.1 MPH)
|
|
Batting: RHB Max Schellekens
|
0-0: Ball 1-0: Ground out U3 (Groundball, 3, EV 94.4 MPH)
|
| Bottom of the 4th over - 0 runs, 0 hits, 0 errors, 0 left on base; Columbia 1 - Colorado (EL) 2 |
| TOP OF THE 5TH |
|
Columbia Fireflies batting - Pitching for Colorado (EL) Rockies : LHP Yoshiya Yokoyama
|
|
Batting: RHB Jake Geib
|
0-0: Ball 1-0: Ball 2-0: Ground out 5-3 (Groundball, 5S, EV 68.8 MPH)
|
|
Batting: RHB Dan Muse
|
0-0: Ball 1-0: Ball 2-0: Fly out, F8 (Flyball, 89D, EV 83.1 MPH)
|
|
Batting: SHB Callum Lynch
|
0-0: Ball 1-0: Foul Ball, location: 2F 1-1: Swinging Strike 1-2: Foul Ball, location: 2F 1-2: SINGLE (Groundball, 6S, EV 67.5 MPH) (infield hit)
|
|
Batting: SHB Jason Larson
|
0-0: Ball Callum Lynch steals 2nd base 1-0: Fly out, F8 (Flyball, 8LM, EV 86.2 MPH)
|
| Top of the 5th over - 0 runs, 1 hit, 0 errors, 1 left on base; Columbia 1 - Colorado (EL) 2 |
| BOTTOM OF THE 5TH |
|
Colorado (EL) Rockies batting - Pitching for Columbia Fireflies : RHP Jason Vulich
|
|
Batting: SHB Malik Whitted
|
0-0: Foul Ball, location: 2F 0-1: Swinging Strike 0-2: Ground out 4-3 (Groundball, 4, EV 82.5 MPH)
|
|
Batting: RHB Steve Waltenbery
|
0-0: Called Strike 0-1: Foul Ball, location: 2F 0-2: Ball 1-2: Ball 2-2: Fly out, F9 (Line Drive, 9, EV 90.6 MPH)
|
|
Batting: RHB Bodil Hardenberg
|
0-0: Ball 1-0: Ball 2-0: Called Strike 2-1: Ground out 6-3 (Groundball, 6, EV 108.8 MPH)
|
| Bottom of the 5th over - 0 runs, 0 hits, 0 errors, 0 left on base; Columbia 1 - Colorado (EL) 2 |
| TOP OF THE 6TH |
|
Columbia Fireflies batting - Pitching for Colorado (EL) Rockies : LHP Yoshiya Yokoyama
|
|
Batting: RHB Zhao-ying Joe
|
0-0: Ball 1-0: Called Strike 1-1: Called Strike 1-2: Ground out 4-3 (Groundball, 4, EV 86.9 MPH)
|
|
Batting: LHB Bayesa Mundhir
|
0-0: Called Strike 0-1: Ball 1-1: Foul Ball, location: 2F 1-2: Strikes out swinging
|
|
Batting: LHB Dan Bremseth
|
0-0: Called Strike 0-1: Swinging Strike 0-2: Ball 1-2: Strikes out looking
|
| Top of the 6th over - 0 runs, 0 hits, 0 errors, 0 left on base; Columbia 1 - Colorado (EL) 2 |
| BOTTOM OF THE 6TH |
|
Colorado (EL) Rockies batting - Pitching for Columbia Fireflies : RHP Jason Vulich
|
|
Batting: SHB Pete Perla
|
0-0: Called Strike 0-1: Ball 1-1: Foul Ball, location: 2F 1-2: Foul Ball, location: 2F 1-2: Ball 2-2: Foul Ball, location: 2F 2-2: Strikes out swinging
|
|
Batting: RHB Henry Alvizo
|
0-0: Ball 1-0: Foul Ball, location: 2F 1-1: Foul Ball, location: 2F 1-2: SINGLE (Groundball, 6M, EV 106.9 MPH) (infield hit)
|
|
Batting: LHB Zack Guillen
|
0-0: Ball 1-0: Ball 2-0: Called Strike 2-1: Swinging Strike 2-2: Strikes out swinging
|
|
Batting: RHB Andy Solorzano
|
0-0: Foul Ball, location: 2F 0-1: Called Strike 0-2: Ball 1-2: Ball 2-2: Ball 3-2: Base on Balls Henry Alvizo to second
|
|
Batting: LHB Elijah Black
|
0-0: Swinging Strike 0-1: Swinging Strike 0-2: Ground out 4-3 (Groundball, 4, EV 84.4 MPH)
|
| Bottom of the 6th over - 0 runs, 1 hit, 0 errors, 2 left on base; Columbia 1 - Colorado (EL) 2 |
| TOP OF THE 7TH |
|
Columbia Fireflies batting - Pitching for Colorado (EL) Rockies : LHP Yoshiya Yokoyama
|
|
Batting: SHB Justin Wallace
|
0-0: Ball 1-0: Called Strike 1-1: Ground out 5-3 (Groundball, 5, EV 98.8 MPH)
|
|
Batting: RHB Artyom Shavkunov
|
0-0: Swinging Strike 0-1: Ball 1-1: Called Strike 1-2: Ball 2-2: Ground out 1-3 (Groundball, 34S, EV 67.5 MPH)
|
|
Batting: RHB Jake Geib
|
0-0: Called Strike 0-1: Ball 1-1: Swinging Strike 1-2: Strikes out swinging
|
| Top of the 7th over - 0 runs, 0 hits, 0 errors, 0 left on base; Columbia 1 - Colorado (EL) 2 |
| BOTTOM OF THE 7TH |
|
Colorado (EL) Rockies batting - Pitching for Columbia Fireflies : RHP Jason Vulich
|
|
Batting: RHB Max Schellekens
|
0-0: Swinging Strike 0-1: Ball 1-1: Ground out 1-3 (Groundball, 13, EV 62.5 MPH)
|
|
Batting: SHB Malik Whitted
|
0-0: Ground out 1-3 (Groundball, 13S, EV 71.9 MPH)
|
|
Batting: RHB Steve Waltenbery
|
0-0: Ball 1-0: Ball 2-0: Swinging Strike 2-1: Foul Ball, location: 2F 2-2: SINGLE (Groundball, 5S, EV 67.5 MPH) (infield hit)
|
|
Batting: RHB Bodil Hardenberg
|
0-0: Ball 1-0: Ball 2-0: Ball 3-0: Called Strike 3-1: Fly out, F7 (Flyball, 7D, EV 95.0 MPH)
|
| Bottom of the 7th over - 0 runs, 1 hit, 0 errors, 1 left on base; Columbia 1 - Colorado (EL) 2 |
| TOP OF THE 8TH |
|
Columbia Fireflies batting - Pitching for Colorado (EL) Rockies : LHP Yoshiya Yokoyama
|
|
Batting: RHB Dan Muse
|
0-0: SOLO HOME RUN (Flyball, 78XD, EV 96.9 MPH), Distance : 372 ft
|
|
Batting: SHB Callum Lynch
|
0-0: Called Strike 0-1: Ball 1-1: Ball 2-1: Ball 3-1: SINGLE (Groundball, 5D, EV 94.4 MPH)
|
|
Batting: SHB Jason Larson
|
0-0: Called Strike 0-1: Ball 1-1: Swinging Strike 1-2: Strikes out swinging
|
|
Pitching: RHP Dustin Deemer
|
|
|
Batting: LHB Tony Leyba
|
0-0: 2-RUN HOME RUN (Flyball, 9D, EV 94.4 MPH), Distance : 366 ft
|
|
Batting: LHB Bayesa Mundhir
|
0-0: Ground out U3 (Groundball, 3, EV 103.8 MPH)
|
|
Batting: LHB Dan Bremseth
|
0-0: Swinging Strike 0-1: Ground out 6-3 (Groundball, P, EV 87.5 MPH)
|
| Top of the 8th over - 3 runs, 3 hits, 0 errors, 0 left on base; Columbia 4 - Colorado (EL) 2 |
| BOTTOM OF THE 8TH |
|
Colorado (EL) Rockies batting - Pitching for Columbia Fireflies : RHP Jason Vulich
|
|
Pitching: RHP Alastair Henry
|
|
|
Batting: SHB Pete Perla
|
0-0: Fly out, F9 (Flyball, 9LM, EV 82.5 MPH)
|
|
Batting: RHB Henry Alvizo
|
0-0: Ball 1-0: Fly out, F3 (Popup, 3L, EV 76.2 MPH)
|
|
Batting: LHB Zack Guillen
|
0-0: Called Strike 0-1: Called Strike 0-2: Ground out 4-3 (Groundball, 4, EV 90.6 MPH)
|
| Bottom of the 8th over - 0 runs, 0 hits, 0 errors, 0 left on base; Columbia 4 - Colorado (EL) 2 |
| TOP OF THE 9TH |
|
Columbia Fireflies batting - Pitching for Colorado (EL) Rockies : RHP Dustin Deemer
|
|
Batting: SHB Justin Wallace
|
0-0: Foul Ball, location: 2F 0-1: Ball 1-1: Ball 2-1: Ground out 6-3 (Groundball, 56, EV 83.8 MPH)
|
|
Batting: RHB Artyom Shavkunov
|
0-0: Foul Ball, location: 2F 0-1: SINGLE (Line Drive, 4D, EV 105.0 MPH)
|
|
Batting: RHB Jake Geib
|
0-0: Ball 1-0: Called Strike 1-1: Ball 2-1: Ball 3-1: Called Strike 3-2: Strikes out swinging
|
|
Batting: RHB Dan Muse
|
0-0: Called Strike 0-1: Ball 1-1: Ball 2-1: Ball 3-1: Called Strike 3-2: Base on Balls Artyom Shavkunov to second
|
|
Batting: SHB Callum Lynch
|
0-0: Foul Ball, location: 2F 0-1: Foul Ball, location: 2F 0-2: Strikes out looking
|
| Top of the 9th over - 0 runs, 1 hit, 0 errors, 2 left on base; Columbia 4 - Colorado (EL) 2 |
| BOTTOM OF THE 9TH |
|
Colorado (EL) Rockies batting - Pitching for Columbia Fireflies : RHP Alastair Henry
|
|
Batting: RHB Andy Solorzano
|
0-0: Ball 1-0: Fly out, F9 (Line Drive, 9S, EV 93.8 MPH)
|
|
Batting: LHB Elijah Black
|
0-0: Ball 1-0: Ball 2-0: Ground out 6-3 (Groundball, 56, EV 87.5 MPH)
|
|
Pinch Hitting: LHB Ryan Rodgers
|
0-0: Called Strike 0-1: Ball 1-1: Ball 2-1: Ground out 5-3 (Groundball, 56S, EV 70.6 MPH)
|
| Bottom of the 9th over - 0 runs, 0 hits, 0 errors, 0 left on base; Columbia 4 - Colorado (EL) 2 |
|